xor, neutral female scurrid Archeologist -- |}}}| |.----- ----}}}| -- |.....-- |..}}}- --.- |......---.}}}- --- |... |..........}}.| ---------.----- -|..- ----+-....}.}.---.............| .|..| |....}}......--------+--.------ ....| |...}}}}.....|%!%!%| |..--..| -...-- |..}}}}}%....|%%%%%| |......----....| |.}}}}}}G....|.... |.|.>.........- |.}}}}}......--|---- |.|--.......--- |..}}}}}...........| |.|...--....| |.}}}}}}}..........--+--.|.---|.|..-- --+---.}}}}}}}-+---|-.......)%..| ----.^| |.....}}.@}};;| |..|.......%.------- --.| -...}}..}}}}@| |..|....----.%.....| --- |..}.}..}}};.-------...--..--......--- |.}}}....}}}...............<|........-- -}}}.....}}}.----------.----.....--...| -}}}.---.}}}}.| --- --.|..|----- |}}}-- ---}}}}| ------ xor the Investigator Experience level: 6 Strength: 14 Dexterity: 9 Constitution: 15 Intelligence: 15 Wisdom: 12 Charisma: 11 Health: 0(45) Energy: 17(17) Def: 12 Gold: 73 Moves: 856 Dungeon seed: uM1ajJZoMLe8EGGS Game ID: xor_1540244053 Your Inventory: Coins $ - 73 gold pieces Weapons a - an uncursed +2 bullwhip (weapon in paw) h - an uncursed +0 boomerang t - 8 blessed +0 darts (in quiver) L - 5 uncursed +0 dwarvish spears Armor n - an uncursed +0 pair of leather gloves (being worn) y - a cursed +0 dwarvish iron helm (being worn) z - an uncursed +0 dwarvish cloak (being worn) F - an uncursed +0 dwarvish mithril-coat (being worn) N - a blessed +0 dwarvish roundshield (being worn) Y - an uncursed +0 pair of iron shoes (being worn) Comestibles b - 2 uncursed chestnuts i - an uncursed fortune cookie l - an uncursed tin of sewer rat meat m - an uncursed sprig of wolfsbane C - 2 uncursed apples Scrolls o - an uncursed scroll of genocide s - an uncursed scroll of magic mapping K - an uncursed scroll of identify Spellbooks R - an uncursed spellbook of teleport away Potions M - an uncursed potion of enlightenment Wands d - an uncursed wand of light (0:15) j - an uncursed wand of polymorph (0:7) k - an uncursed wand of make invisible (0:5) O - an uncursed wand of magic missile (0:7) P - an uncursed wand of polymorph (0:4) Tools c - an uncursed pair of lenses (being worn) f - an uncursed sack g - an uncursed tin opener (alternate weapon; not wielded) p - an uncursed towel G - an uncursed leash J - an uncursed tin whistle Gems e - an uncursed obsidian q - an uncursed touchstone Contents of the sack: 2 [uncursed] amethysts Spells and supernatural/magical abilities: Name Level Category Fail Memory W - pray for help -- divine ? -- Your skills at the end: Miscellaneous Skills wands [Basic] stealth [Skilled] Weapon Skills boomerang [Basic] whip [Skilled] Spellcasting Skills Final Attributes: You were devoutly aligned. You had automatic searching. You had infravision. You were very stealthy. You were fast. You are dead. Vanquished creatures: a giant beetle a gnome king 2 bugbears 2 gnome lords 2 gnomish wizards a kitten 8 dwarves a kobold lord a hobbit a gecko a red mold 8 gnomes 4 garter snakes a gnome zombie 6 jackals a fox 2 newts a lichen 44 creatures vanquished. Voluntary challenges: You followed a strict vegan diet. You did not cause conflict. You were not invisible. You did not have reflection. You were not displaced. You were an atheist. You used a wielded weapon 95 times, starting on turn 41. You did not apply a unicorn horn. You did not use plumbed fixtures. You did not drink any magical draughts. You read items or engraved 1 time, starting on turn 828. You never genocided any monsters. You never polymorphed an object. You never changed form. You used no wishes. You never split a pudding. You never wrote Elbereth's name. You never violated your personal moral code. Dungeon overview: The Dungeons of Doom: levels 1 to 3 Level 1 a fountain a long staircase Level 2 stairs to The Gnomish Mines Level 3 an altar to Huhetotl The Gnomish Mines: levels 3 to 6 Level 3 stairs to The Dungeons of Doom Level 4 Level 5 Level 6 <- You were here a delicatessen History has recorded: On T:1 you entered the Dungeons of Doom to retrieve the Amulet of Yendor! On T:99 you reached level 2 of The Dungeons of Doom. On T:116 you reached level 3 of The Dungeons of Doom. On T:159 you reached level 1 of The Gnomish Mines. On T:180 you advanced to experience level 2. On T:189 you advanced to experience level 3. On T:212 you advanced to experience level 4. On T:254 you reached level 2 of The Gnomish Mines. On T:588 you reached level 3 of The Gnomish Mines. On T:592 you advanced to experience level 5. On T:741 you reached level 4 of The Gnomish Mines. On T:775 you advanced to experience level 6. Score breakdown: Gold: 73 ( 7 points) Experience: 6 levels ( 500 points) Exploration: 6 levels ( 150 points) Discoveries: 24 items ( 1200 points) Variety of kills: 18 monsters ( 900 points) Major goal: (nothing yet) ( 0 points) Survival: died (score multiplied by 3) Total score: 8271 Latest messages: Please move the cursor to an unknown object. Never mind. The bugbear punches you! You whip the bugbear. The bugbear punches you! You whip the bugbear. You kill the bugbear! You see here a bugbear corpse. This door is locked. You start chewing a hole in the door. You continue chewing on the door. This door is locked. You see here a ragged spellbook. R - a ragged spellbook. You feel a wrenching sensation. The jellyfish stings! (5x) The jellyfish misses. (2x) The jellyfish stings! (2x) The jellyfish's sting was poisoned! You die... Final status: Goodbye xor the Archeologist, poisoned by a jellyfish, while frozen by a spellbook... You died in The Gnomish Mines on dungeon level 6 with 8271 points, and 73 pieces of gold, after 856 moves. You were level 6 with a maximum of 45 hit points when you died.